Kradschützen Motorcycle Team
Selects Italian Combined Arms Battlegroup
Selects Bersaglieri Squad
Construct Light Support Kompanie
Selects Bersaglieri Bolster
Panzerjäger Mechanized Group
Construct Mechanized Kompanie
Selects Breda Model 30 Light Machine Guns
Marder III Tank Destroyer
Marder III Tank Destroyer
Construct Panzerarmee Kommand
Selects Semovente da 75/18 Assault Gun
18-tonne Recovery Half-track